 Dungeon Crawl Stone Soup version 0.27.1-37-g7b29ead8ac (webtiles) character file.

Game seed: 1498942096378185061

55 sahdkjhfkaj the Magician (level 3, 0/18 HPs)
             Began as a Vine Stalker Hedge Wizard on Mar 3, 2023.
             Succumbed to an adder's poison
             ... on level 3 of the Dungeon.
             The game lasted 00:05:13 (2564 turns).

sahdkjhfkaj the Magician (VSWz)                     Turns: 2564, Time: 00:05:13

Health: 0/18       AC:  2    Str: 12    XL:     3   Next: 93%
Magic:  5/8        EV: 12    Int: 15    God:
Gold:   70         SH:  0    Dex: 13    Spells: 4/8 levels left

rFire    + . .     SeeInvis .   d - +0 rapier
rCold    + . .     Faith    .   (no shield)
rNeg     . . .     Spirit   +   b - +0 robe
rPois    +         Reflect  .   c - +0 hat
rElec    +         Harm     .   (no cloak)
rCorr    +         Rampage  .   (no gloves)
Will     .....                  (no boots)
Stlth    ++........             (no amulet)
HPRegen  0.06/turn              (no ring)
MPRegen  0.11/turn              (no ring)

@: brilliant, lethally poisoned (0 -> -2), resistant
A: fangs 2, magic shield, antimagic bite, no potion heal 2
a: no special abilities


You were on level 3 of the Dungeon.
You visited 1 branch of the dungeon, and saw 3 of its levels.

You collected 70 gold pieces.

Inventory:

Hand Weapons
 a - a +0 dagger
 d - a +0 rapier (weapon)
Armour
 b - a +0 robe (worn)
 c - a +0 hat (worn)
Scrolls
 e - a scroll of immolation {!r}
 f - a scroll of blinking {!r}
 g - a scroll of fear {!r, unknown}
 j - a scroll of teleportation {!r, unknown}
 l - a scroll of magic mapping {!r, unknown}


   Skills:
 + Level 1.0 Fighting
 + Level 1.0 Short Blades
 - Level 1.5 Dodging
 - Level 2.4 Stealth
 - Level 3.2 Spellcasting
 - Level 3.0 Conjurations
 - Level 1.0 Summonings
 - Level 1.0 Translocations


You had 4 spell levels left.
You knew the following spells:

 Your Spells              Type           Power      Damage    Failure   Level
a - Magic Dart            Conj           68%        1d6       6%          1
d - Mephitic Cloud        Conj/Pois/Air  8%         N/A       36%         3

Your spell library contained the following spells:

 Spells                   Type           Power      Damage    Failure   Level
 Blink                    Tloc           N/A        N/A       21%         2
 Call Imp                 Summ           8%         N/A       21%         2
 Slow                     Hex            3%         N/A       30%         2
 Conjure Flame            Conj/Fire      10%        6-21      32%         3


Dungeon Overview and Level Annotations

Branches:
Dungeon (3/15)

Altars:

Shops:
D:1 !


Innate Abilities, Weirdness & Mutations

You have extremely sharp teeth.
When hurt, damage is shared between your health and your magic reserves.
Your bite disrupts and absorbs the magic of your enemies.
Potions cannot restore your health.


Message History

The adder closely misses you.
Unknown command.
Unknown command.
Really quaff
i - a red potion {!q}?
It was a potion of brilliance {!q}.
You feel clever all of a sudden.
* * * LOW HITPOINT WARNING * * *
You feel sick. The adder barely misses you.
Unknown command.
Unknown command.
Really quaff
k - a fuming grey potion {!q}?
It was a potion of curing {!q}.
Your system rejects the healing.
You feel better. The adder barely misses you. x2
Unknown command.
Casting: Magic Dart (safe; 6% risk of failure)
Confirm with . or Enter, or press ? or * to list all spells.
Aiming: Magic Dart (safe; 6% risk of failure)
Press: ? - help, Shift-Dir - straight line, f - adder
Aim: an adder (lightly wounded, 100% to hit)
You feel a surge of power!
The magic dart hits the adder.
The adder is heavily wounded.
The adder bites you.
* * * LOW HITPOINT WARNING * * *
You are lethally poisoned!
The adder poisons you!
Unknown command.
Really quaff
h - a potion of resistance {!q}?
You feel protected.
* * * LOW HITPOINT WARNING * * *
You feel sick. The adder closely misses you.
Unknown command.
Unknown command.
* * * LOW HITPOINT WARNING * * *
You feel sick. The adder bites you but does no damage.
Unknown command.
* * * LOW HITPOINT WARNING * * *
You feel sick.
* * * LOW HITPOINT WARNING * * *
You feel sick.
You die...

#...................#.#.#####
#........##.#.#.............#
.....#....# # #####.#..####.#
+###.#.#..# #. #.....# #.#
.....#....# #.####..#..####.#
...#####.##.#.......#.......#
.................##.#...#####
...####.###. #.........#
.......... #.@##.#...#
..#####.## #.#...S.##..# ..#
#...........# ..#
.......###.#..# ..#
###.#.........# ..#
.....####.#.## ### ###.#.
#.#.# ...## #.# # ## #.#


You could see an adder.

Vanquished Creatures
  A gnoll (D:1)
  An adder (D:2)
  2 dart slugs
  4 ball pythons
  3 endoplasms
  3 giant cockroaches
  4 goblins
  3 hobgoblins
  A quokka (D:2)
  A bat (D:3)
  2 frilled lizards
  4 kobolds
  2 rats
31 creatures vanquished.

Notes
Turn   | Place    | Note
-------+----------+-------------------------------------------
     0 | D:1      | sahdkjhfkaj the Vine Stalker Hedge Wizard began the quest
                  | for the Orb.
     0 | D:1      | Reached XP level 1. HP: 9/9 MP: 5/5
   282 | D:1      | Reached XP level 2. HP: 7/13 MP: 1/7
   454 | D:1      | Found Hiale's Distillery.
   914 | D:1      | Reached XP level 3. HP: 12/16 MP: 5/8
  1788 | D:2      | Found a faded altar of an unknown god.
  2213 | D:3      | Reached skill level 1 in Fighting
  2213 | D:3      | Reached skill level 1 in Short Blades
  2443 | D:3      | Learned a level 3 spell: Mephitic Cloud
  2564 | D:3      | Succumbed to an adder's poison

Illustrated notes

Levels and vault maps discovered:
D:1:      dpeg_arrival_stone_temple_mockup, layout_rooms, serial_shops,
          shop_statue
D:2:      layout_basic, hellmonk_ecumenical_altar_heavens_door
D:3:      layout_basic

Skill      XL: |  1  2  3 |
---------------+----------+-----
Conjurations   | 2 3 |  3.0
Fighting       | 1 |  1.0
Short Blades   | 1 |  1.0
Dodging        | |  1.5
Stealth        | |  2.4
Spellcasting   | |  3.2
Summonings     | |  1.0
Translocations | |  1.0

Action                   || total
-------------------------++-------
Melee: Rapier            ||    77
       Bite              ||    11
 Cast: Magic Dart        ||    25
  Use: Scroll            ||     3
       Potion            ||     3
 Stab: Sleeping          ||     1
Armor: Robe              ||    10
Dodge: Dodged            ||    57
